Map: Blackburn LE

Players

ShoWTimE

  • Race: Protoss Protoss

Serral - Winner!

  • Race: Zerg Zerg

Event: DreamHack SC2 Masters 2021 Winter

VOD

Have the link to the VOD?

Description

Time

  • Played on: Oct. 10, 2021, 11:33 a.m.
  • Length: 28:24

All games in this series

Show
View Real Time Build Order
Export as new Build Order

ShoWTimE Protoss 

Build Orders: 1 Gate Expand, Oracle Opening, Carriers 

Get SALT Encoding   

  12  0:00  Probe  
  13  0:12  Probe  
  14  0:18  Pylon  
  14  0:24  Probe  
  15  0:37  Probe (Chrono Boost)  
  15  0:40  Gateway  
  16  0:46  Probe (Chrono Boost)  
  16  0:49  Assimilator  
  17  0:51  Probe (Chrono Boost)  
  18  1:03  Probe  
  19  1:15  Probe  
  20  1:26  Nexus  
  20  1:37  Cybernetics Core  
  20  1:40  Probe  
  20  1:46  Assimilator  
  21  1:52  Probe  
  22  1:56  Pylon  
  22  2:04  Probe (Chrono Boost)  
  23  2:14  Adept  
  25  2:16  Probe (Chrono Boost)  
  25  2:21  Stargate  
  26  2:25  Probe (Chrono Boost)  
  26  2:27  Warp Gate  
  27  2:33  Probe (Chrono Boost)  
  28  2:38  Probe (Chrono Boost)  
  30  2:45  Adept  
  30  2:48  Probe x2 (Chrono Boost)  
  33  2:53  Probe  
  33  2:55  Probe  
  33  2:57  Void Ray (Chrono Boost)  
  35  3:05  Probe  
  35  3:07  Probe  
  41  3:14  Pylon  
  41  3:17  Probe  
  42  3:20  Probe  
  42  3:25  Gateway  
  43  3:30  Probe  
  43  3:31  Oracle (Chrono Boost)  
  43  3:33  Probe  
  48  3:42  Probe  
  48  3:45  Probe  
  50  3:54  Nexus  
  50  3:56  Pylon  
  50  3:57  Probe  
  50  3:59  Probe  
  52  4:03  Assimilator  
  52  4:05  Assimilator  
  52  4:09  Probe  
  53  4:11  Probe (Chrono Boost)  
  53  4:15  Stargate  
  54  4:18  Pylon  
  54  4:22  Probe (Chrono Boost)  
  54  4:23  Probe (Chrono Boost)  
  56  4:29  Void Ray  
  57  4:32  Probe x2 (Chrono Boost)  
  57  4:36  Probe (Chrono Boost)  
  57  4:37  Probe  
  62  4:40  Pylon  
  62  4:43  Protoss Air Weapons Level 1  
  64  4:48  Probe  
  64  4:49  Forge, Probe  
  66  4:54  Robotics Facility  
  66  4:56  Void Ray  
  66  5:00  Probe (Chrono Boost)  
  66  5:03  Probe (Chrono Boost)  
  72  5:08  Probe (Chrono Boost)  
  72  5:11  Void Ray  
  74  5:16  Probe (Chrono Boost)  
  74  5:18  Probe (Chrono Boost)  
  74  5:19  Probe (Chrono Boost)  
  80  5:21  Shield Battery  
  80  5:22  Probe (Chrono Boost)  
  80  5:24  Probe (Chrono Boost)  
  80  5:25  Probe (Chrono Boost)  
  80  5:28  Assimilator  
  83  5:31  Assimilator  
  83  5:33  Probe (Chrono Boost)  
  83  5:34  Pylon, Probe (Chrono Boost)  
  87  5:43  Probe (Chrono Boost)  
  87  5:44  Probe (Chrono Boost)  
  87  5:46  Robotics Bay, Probe (Chrono Boost)  
  87  5:47  Pylon  
  87  5:49  Probe x2 (Chrono Boost)  
  89  5:54  Probe  
  91  6:03  Fleet Beacon  
  91  6:07  Stargate, Gateway x2  
  91  6:16  Pylon  
  91  6:20  Nexus  
  91  6:24  Pylon, Observer, Probe x3  
  95  6:37  Probe  
  95  6:38  Probe x2  
  95  6:39  Photon Cannon  
  98  6:41  Shield Battery  
  110  6:47  Carrier x2 (Chrono Boost)  
  116  6:55  Carrier (Chrono Boost)  
  116  7:04  Probe x3  
  119  7:10  Protoss Air Weapons Level 2 (Chrono Boost)  
  119  7:11  Pylon  
  119  7:13  Pylon  
  119  7:16  Photon Cannon  
  119  7:21  Assimilator  
  119  7:24  Assimilator  
  119  7:29  Photon Cannon  
  119  7:33  Carrier (Chrono Boost)  
  119  7:37  Photon Cannon  
  119  7:38  Carrier (Chrono Boost)  
  119  7:44  Carrier (Chrono Boost)  
  137  7:51  Flux Vanes  
  137  7:53  Protoss Ground Weapons Level 1  
  137  7:55  Gateway  
  137  7:56  Twilight Council  
  137  8:00  Gateway  
  137  8:04  Gateway  
  137  8:06  Gateway  
  137  8:17  Gateway x2  
  137  8:19  Shield Battery  
  137  8:22  Warp Prism  
  139  8:29  Pylon, Void Ray  
  139  8:30  Void Ray  
  139  8:31  Pylon  
  139  8:38  Charge  
  139  8:39  Void Ray  
  151  8:51  Zealot x5, Templar Archives  
  161  8:57  Pylon  
  161  8:59  Pylon  
  161  9:01  Zealot x3  
  167  9:08  Pylon  
  167  9:10  Pylon  
  167  9:25  Pylon  
  167  9:27  High Templar x4  
  167  9:28  High Templar x2  
  167  9:29  Zealot x4  
  187  9:32  Archon  
  187  9:36  Psionic Storm  
  187  9:48  Protoss Air Weapons Level 3 (Chrono Boost)  
  187  9:59  Zealot x2  
  187  10:05  Zealot x5  
  187  10:06  Zealot  
  175  10:09  Void Ray  
  175  10:10  Void Ray x2  
  175  10:12  Archon  
  175  10:13  Zealot x2  
  175  10:21  Zealot x2  
  177  10:29  Zealot x5  
  177  10:30  Zealot  
  183  10:41  Zealot x2  
  183  10:42  Zealot  
  185  10:47  Void Ray x2  
  169  10:57  Protoss Shields Level 1 (Chrono Boost), Zealot x7  
  177  11:14  High Templar x3  
  181  11:19  Pylon, Carrier (Chrono Boost)  
  181  11:20  Mothership (Chrono Boost)  
  185  11:26  High Templar  
  185  11:29  Pylon, Observer (Chrono Boost)  
  188  11:38  Carrier (Chrono Boost)  
  194  11:44  Carrier (Chrono Boost)  
  194  11:47  Photon Cannon  
  194  11:48  Photon Cannon  
  194  11:50  Shield Battery  
  200  11:54  Gravitic Drive (Chrono Boost)  
  200  12:07  Shield Battery  
  200  12:15  High Templar x2, Nexus  
  198  12:19  Shield Battery  
  198  12:20  Archon  
  198  12:22  Assimilator  
  190  12:26  Assimilator  
  190  12:28  Blink  
  190  12:32  Photon Cannon  
  190  12:38  High Templar x2  
  190  12:41  Zealot x3  
  190  12:43  Archon  
  200  12:44  Gravitic Boosters  
  200  12:55  Protoss Ground Weapons Level 2 (Chrono Boost)  
  194  13:22  Zealot x3  
  194  13:25  Protoss Air Armor Level 1 (Chrono Boost)  
  200  13:33  High Templar x2  
  200  13:40  Zealot x2  
  200  13:47  Gateway  
  200  13:48  Gateway  
  200  13:54  Gateway x2  
  200  13:56  Gateway  
  200  13:58  Gateway  
  196  14:09  Zealot x6  
  196  14:33  Zealot x3  
  196  14:42  Stargate x2  
  196  14:43  Stargate  
  188  14:51  Carrier x2 (Chrono Boost)  
  188  14:58  Pylon  
  200  15:07  Nexus  
  200  15:08  Pylon  
  200  15:11  Photon Cannon  
  198  15:14  Photon Cannon  
  198  15:15  High Templar  
  198  15:17  Shield Battery  
  198  15:19  Pylon  
  200  15:42  Photon Cannon  
  200  15:44  Photon Cannon  
  200  15:46  Forge, Photon Cannon  
  200  15:47  Protoss Shields Level 2 (Chrono Boost)  
  200  15:48  Photon Cannon  
  194  15:50  Shield Battery  
  194  15:51  Protoss Air Armor Level 2 (Chrono Boost), Oracle x2 (Chrono Boost)  
  194  15:52  Shield Battery  
  194  15:56  Assimilator  
  200  15:57  Assimilator  
  196  16:08  Carrier x2 (Chrono Boost), Observer  
  196  16:25  Carrier x2 (Chrono Boost)  
  194  16:26  Carrier (Chrono Boost)  
  194  16:36  Carrier (Chrono Boost)  
  194  16:42  High Templar x3  
  194  17:08  Warp Prism (Chrono Boost)  
  190  17:17  Void Ray  
  190  17:18  Void Ray x2  
  187  17:26  Protoss Ground Weapons Level 3 (Chrono Boost)  
  199  17:30  Void Ray  
  195  18:12  Void Ray  
  199  18:36  Zealot x4  
  197  18:42  Zealot  
  196  18:51  High Templar x2  
  198  18:57  High Templar  
  198  19:00  Observer  
  199  19:05  Protoss Shields Level 3 (Chrono Boost)  
  199  19:22  Protoss Air Armor Level 3 (Chrono Boost)  
  199  19:25  Nexus  
  199  19:27  Pylon  
  199  19:31  Assimilator  
  199  19:36  Assimilator  
  199  19:37  Zealot  
  191  20:01  Void Ray x4  
  189  20:23  Void Ray  
  193  20:35  High Templar x2  
  193  20:36  High Templar  
  199  20:46  Protoss Ground Armor Level 1 (Chrono Boost), Photon Cannon  
  199  20:50  Shield Battery  
  199  20:51  Pylon  
  199  20:54  Photon Cannon  
  196  21:45  Tempest x4  
  200  22:22  Photon Cannon  
  199  22:23  Photon Cannon  
  163  23:12  Stalker x13  
  181  23:13  Stalker x3  
  121  23:36  Stalker x3  
  121  23:37  Stalker x13  
  85  24:05  Stalker x3  
  85  24:06  Stalker x7  
  95  24:15  Stalker  
  92  24:23  Zealot x2  
  96  24:37  Immortal  
  96  24:45  Zealot x3  
  92  24:58  Zealot x3  
  78  25:10  Zealot x3  
  78  25:11  Probe  
  81  25:20  High Templar x4  
  87  25:24  Archon  
  87  25:25  High Templar x3, Archon  
  87  25:27  High Templar  
  95  25:32  High Templar x2, Archon x2  
  99  25:36  High Templar, Archon  
  99  25:38  High Templar x2  
  103  25:43  High Templar x2, Archon  
  104  25:57  High Templar x2  
  93  26:33  Stalker x4  
  101  26:51  High Templar x2  
  101  26:52  High Templar x2  
  109  26:55  Observer (Chrono Boost)  
  110  27:04  High Templar  
  110  27:05  High Templar x3  
  110  27:08  Archon x2, Observer (Chrono Boost)  
  118  27:10  High Templar x3  
  124  27:18  High Templar x2  
  128  27:23  Archon  
  89  28:02  Stalker x5  
  97  28:10  Zealot, Archon  
  99  28:13  Zealot  
Show
View Real Time Build Order
Export as new Build Order

Serral Zerg - Winner!

Build Orders: Hatch First, Brood Lord Corruptor 

Get SALT Encoding   

  12  0:00  Drone  
  13  0:12  Overlord  
  13  0:17  Drone  
  14  0:30  Drone x2  
  17  0:42  Drone  
  17  0:51  Hatchery  
  17  0:54  Drone  
  17  0:59  Drone  
  18  1:08  Extractor  
  17  1:14  Spawning Pool  
  17  1:16  Drone  
  17  1:19  Drone  
  18  1:27  Drone  
  19  1:38  Drone  
  20  1:49  Overlord  
  20  2:00  Queen  
  22  2:02  Queen  
  22  2:03  Zergling x4  
  26  2:10  Metabolic Boost, Drone  
  26  2:14  Drone  
  28  2:21  Drone  
  29  2:24  Drone  
  30  2:38  Queen  
  30  2:43  Hatchery  
  31  2:45  Drone  
  31  2:48  Drone  
  33  2:52  Overlord  
  33  2:55  Drone  
  33  2:56  Drone  
  35  2:59  Drone  
  35  3:05  Overlord  
  36  3:11  Queen  
  38  3:13  Drone  
  38  3:14  Drone  
  38  3:16  Drone  
  38  3:18  Drone  
  42  3:21  Drone  
  42  3:22  Drone  
  42  3:26  Drone  
  45  3:27  Overlord  
  45  3:33  Queen  
  47  3:35  Drone  
  47  3:37  Drone  
  49  3:43  Zergling x6  
  49  3:48  Overlord  
  52  3:50  Zergling x2  
  52  3:51  Drone x2  
  52  3:54  Spore Crawler  
  54  3:56  Spore Crawler  
  54  3:58  Drone  
  54  3:59  Drone  
  54  4:01  Drone  
  54  4:02  Drone  
  57  4:07  Drone x2  
  59  4:13  Drone x4  
  63  4:17  Overlord  
  63  4:18  Drone  
  63  4:20  Drone x2  
  66  4:25  Drone x2  
  66  4:28  Spore Crawler  
  66  4:31  Drone x2  
  66  4:33  Lair  
  66  4:37  Queen  
  70  4:42  Extractor x2  
  70  4:44  Roach Warren  
  67  4:47  Drone x4  
  67  4:49  Drone x2  
  67  4:51  Drone x2  
  75  4:54  Overlord  
  75  4:55  Drone  
  75  4:56  Drone  
  75  4:57  Drone  
  75  4:59  Drone x2  
  80  5:02  Extractor x2  
  80  5:05  Extractor, Queen  
  79  5:07  Drone  
  79  5:09  Drone  
  81  5:15  Evolution Chamber  
  81  5:19  Drone  
  81  5:20  Drone  
  83  5:21  Hatchery, Drone  
  83  5:22  Drone  
  83  5:23  Drone  
  83  5:25  Overlord  
  83  5:27  Drone  
  85  5:35  Drone x3  
  88  5:41  Zerg Melee Weapons Level 1  
  88  5:42  Spire, Infestation Pit, Glial Reconstitution  
  86  5:44  Overseer  
  86  5:46  Drone  
  86  5:49  Queen  
  89  5:52  Queen  
  89  5:56  Pneumatized Carapace  
  91  5:58  Drone x3  
  91  5:59  Drone  
  91  6:02  Drone  
  96  6:04  Overlord x2  
  96  6:07  Overlord  
  96  6:12  Overlord x2  
  96  6:18  Overlord  
  96  6:21  Overlord  
  96  6:25  Zergling x6  
  98  6:26  Zergling x2  
  98  6:30  Queen  
  98  6:32  Drone x2  
  104  6:34  Hive, Drone x2  
  104  6:35  Drone x2  
  104  6:37  Drone x2  
  104  6:39  Drone x3  
  111  6:40  Overseer  
  111  6:45  Extractor x2  
  109  6:47  Overlord  
  109  6:50  Drone x5  
  114  6:57  Overlord  
  114  7:06  Spore Crawler  
  113  7:10  Drone x2  
  113  7:11  Evolution Chamber  
  113  7:12  Baneling Nest  
  113  7:13  Hatchery  
  113  7:15  Zergling x8  
  116  7:18  Zergling x2  
  116  7:19  Zergling x2  
  116  7:21  Drone x10  
  128  7:29  Drone  
  133  7:30  Drone x4  
  133  7:34  Overlord  
  133  7:38  Zerg Missile Weapons Level 1  
  133  7:41  Extractor  
  133  7:42  Spore Crawler, Overlord, Extractor, Drone x2  
  133  7:43  Drone x4  
  136  7:45  Drone  
  136  7:46  Viper x3  
  136  7:47  Viper  
  136  7:49  Zerg Ground Armor Level 1, Greater Spire  
  149  7:52  Corruptor x2  
  149  7:54  Infestor  
  149  7:57  Corruptor  
  149  7:58  Corruptor  
  156  8:04  Corruptor x2  
  162  8:09  Corruptor x2  
  166  8:13  Spore Crawler, Infestor  
  166  8:15  Spore Crawler  
  165  8:22  Corruptor x3  
  170  8:33  Spore Crawler  
  167  8:35  Corruptor  
  167  8:36  Corruptor x3  
  174  8:41  Extractor  
  174  8:45  Drone x3  
  176  8:52  Overlord x2  
  176  8:54  Overlord  
  176  8:55  Spire  
  175  8:58  Burrow  
  175  9:02  Brood Lord, Zerg Flyer Armor Level 1  
  177  9:03  Spore Crawler x2  
  177  9:04  Spore Crawler  
  177  9:05  Spore Crawler  
  177  9:06  Spore Crawler x3  
  177  9:08  Drone x2  
  172  9:15  Drone  
  172  9:16  Spine Crawler x2, Drone x2  
  172  9:17  Spine Crawler  
  172  9:18  Spine Crawler  
  172  9:20  Spine Crawler  
  172  9:23  Brood Lord  
  172  9:24  Brood Lord x2  
  175  9:27  Zergling x10  
  175  9:30  Zergling x6  
  183  9:32  Zerg Melee Weapons Level 2  
  183  9:35  Baneling x5  
  185  9:38  Brood Lord  
  185  9:46  Spore Crawler  
  185  9:48  Drone  
  185  9:49  Drone x3  
  185  9:50  Overlord  
  185  9:52  Spore Crawler x2  
  183  10:06  Corruptor x6  
  183  10:07  Corruptor  
  186  10:18  Corruptor x3  
  178  10:28  Corruptor x3  
  175  10:30  Queen x2  
  175  10:35  Corruptor  
  181  10:44  Lair  
  181  10:47  Corruptor x4  
  174  10:57  Corruptor  
  174  10:58  Corruptor  
  178  11:07  Zerg Flyer Weapons Level 1  
  177  11:17  Spawning Pool  
  176  11:19  Infestor x2  
  176  11:20  Neural Parasite  
  180  11:42  Brood Lord  
  180  11:47  Hive  
  182  11:48  Infestor x2  
  182  11:52  Roach x3  
  182  11:53  Roach x2  
  196  12:07  Spore Crawler x2  
  196  12:08  Spore Crawler x2  
  193  12:09  Spore Crawler x3  
  193  12:10  Spore Crawler  
  193  12:14  Zerg Flyer Armor Level 2  
  181  12:17  Drone x6  
  181  12:20  Drone  
  181  12:21  Spore Crawler, Queen x3  
  181  12:22  Spore Crawler  
  190  12:23  Spore Crawler x3, Drone  
  190  12:24  Spore Crawler, Overlord  
  190  12:25  Spore Crawler  
  186  12:32  Hatchery, Zergling x12  
  186  12:34  Brood Lord  
  186  12:35  Extractor  
  192  12:39  Pathogen Glands  
  192  12:45  Spore Crawler x2, Drone x4  
  192  12:46  Spore Crawler, Drone x2  
  195  12:52  Spore Crawler x2  
  195  12:53  Spore Crawler x3  
  190  13:02  Viper x3  
  190  13:05  Zerg Melee Weapons Level 3  
  199  13:10  Ultralisk Cavern  
  196  13:22  Overlord x2  
  196  13:26  Overlord  
  192  13:38  Overlord x2  
  192  13:43  Corruptor x2, Brood Lord  
  198  13:57  Spore Crawler  
  198  13:58  Spore Crawler  
  190  14:10  Corruptor x2  
  194  14:25  Zerg Flyer Weapons Level 2, Chitinous Plating  
  194  14:29  Zerg Ground Armor Level 2  
  194  14:31  Zergling x10  
  199  14:48  Hatchery  
  199  14:51  Extractor  
  199  14:52  Drone x3  
  200  14:53  Overseer x2  
  200  14:54  Overseer  
  200  14:55  Overseer  
  200  15:00  Overlord  
  199  15:23  Zerg Flyer Armor Level 3  
  199  15:28  Overseer  
  199  15:44  Anabolic Synthesis  
  199  15:48  Zerg Missile Weapons Level 2  
  199  15:50  Overlord  
  199  15:58  Overlord  
  195  16:36  Brood Lord  
  195  16:38  Spore Crawler x2, Brood Lord  
  195  16:39  Spore Crawler  
  196  16:42  Spore Crawler  
  195  16:48  Queen  
  195  16:53  Baneling x6  
  197  16:57  Hatchery  
  196  17:03  Zerg Flyer Weapons Level 3  
  196  17:08  Centrifugal Hooks  
  196  17:16  Drone x3  
  199  17:34  Spore Crawler  
  199  17:35  Spore Crawler  
  199  17:37  Spore Crawler  
  196  17:38  Spore Crawler x2, Drone, Overseer  
  196  17:39  Spore Crawler, Drone x4  
  196  17:40  Spore Crawler  
  197  17:45  Infestor  
  197  17:48  Zerg Ground Armor Level 3  
  193  18:08  Corruptor x4  
  195  18:14  Viper  
  190  18:42  Ultralisk  
  190  18:48  Viper x2  
  194  18:58  Ultralisk, Zergling x2  
  199  19:03  Roach  
  199  19:12  Hatchery  
  198  19:21  Zerg Missile Weapons Level 3  
  190  20:03  Infestor x3  
  190  20:04  Infestor  
  190  20:05  Hatchery  
  190  20:06  Hatchery  
  188  20:15  Viper x2  
  188  20:18  Infestor  
  198  20:29  Corruptor  
  198  21:01  Zergling x2  
  199  21:09  Extractor  
  199  21:11  Extractor  
  197  21:27  Ultralisk x2  
  197  21:47  Zergling x2  
  197  21:48  Zergling x4  
  197  21:52  Hatchery  
  197  22:06  Extractor  
  196  22:31  Zergling x2  
  196  22:32  Zergling x4  
  196  22:33  Extractor  
  196  22:35  Extractor  
  197  22:44  Drone x2  
  182  23:19  Ultralisk x2  
  197  23:20  Ultralisk  
  163  23:36  Corruptor  
  163  23:37  Corruptor x9  
  165  23:41  Corruptor  
  165  23:42  Corruptor x9  
  165  23:48  Ultralisk  
  193  23:54  Ultralisk x3  
  195  23:58  Zergling x12, Queen  
  195  23:59  Queen x3  
  195  24:01  Infestor  
  185  24:07  Infestor x3  
  185  24:08  Infestor x2  
  189  24:20  Brood Lord x6  
  189  24:23  Zergling x2  
  199  24:38  Zergling x20  
  193  24:44  Zergling x8  
  186  24:46  Drone x32  
  173  25:03  Hatchery  
  173  25:05  Brood Lord x4  
  180  25:07  Corruptor x4  
  191  25:38  Brood Lord  
  191  25:41  Overseer  
  193  25:44  Ultralisk  
  193  25:45  Zergling x2  
  193  25:48  Extractor  
  193  26:01  Brood Lord  
  193  26:02  Brood Lord  
  197  26:07  Drone  
  197  26:08  Drone  
  197  26:19  Hatchery  
  186  26:37  Zergling x18  
  186  26:39  Drone  
  194  26:46  Brood Lord  
  194  27:09  Extractor, Zergling x8  
  194  27:11  Brood Lord  
  199  27:19  Extractor  
  197  27:41  Brood Lord  
  197  27:42  Hatchery  
  194  27:51  Zergling x20  
  161  28:00  Drone x6  

Tags
 
Add a new tag
Caveats
  • Supply blocks, unpowered buildings, or Contaminate may cause inaccurate times.
  • Supply counts are checked every 10 seconds.